 Dungeon Crawl Stone Soup version 0.28-a0-687-gb91baff9cc (webtiles) character file.

Game seed: 3191501352771204455

93 lawman0 the Chopper (level 4, -1/57 HPs)
             Began as a Palentonga Berserker on Oct 19, 2021.
             Was a Believer of Trog.
             Slain by an ogre (21 damage)
             ... on level 2 of the Dungeon.
             The game lasted 00:01:36 (1381 turns).

lawman0 the Chopper (Palentonga Berserker)          Turns: 1381, Time: 00:01:37

Health: -1/57      AC: 10    Str: 21    XL:     4   Next: 37%
Magic:  4/4        EV:  4    Int: 10    God:    Trog [**....]
Gold:   61         SH:  0    Dex: 16    Spells: 3/3 levels left

rFire   . . .      SeeInvis +   a - +0 hand axe
rCold   . . .      Faith    .   (no shield)
rNeg    . . .      Spirit   .   f - +0 plate armour
rPois   .          Reflect  .   j - +1 helmet {Int+3}
rElec   .          Harm     .   (no cloak)
rCorr   .          Rampage  .   (no gloves)
Will    +....                   (no barding)
Stlth   ..........              (no amulet)
HPRegen 0.19/turn               b - ring of willpower
MPRegen 0.09/turn               h - +6 ring of dexterity

@: berserking, very quick
A: large, rugged brown scales 3, see invisible, deformed body, roll 1, armoured
tail
a: Rolling Charge, Renounce Religion, Berserk, Trog's Hand


You were on level 2 of the Dungeon.
You worshipped Trog.
Trog was pleased with you.
You visited 1 branch of the dungeon, and saw 2 of its levels.

You collected 61 gold pieces.

Inventory:

Hand Weapons
 a - a +0 hand axe (weapon)
Missiles
 d - 10 arrows
 g - 3 throwing nets
Armour
 f - a +0 plate armour (worn)
 j - a +1 helmet of intelligence (worn)
Jewellery
 b - a ring of willpower (left hand)
 h - a +6 ring of dexterity (right hand)
Wands
 k - a wand of iceblast (5)
Scrolls
 c - a scroll of fear {unknown}
 e - 3 scrolls of identify {unknown}
 i - a scroll of enchant weapon {unknown}


   Skills:
 + Level 3.6 Fighting
 * Level 4.4 Axes
 + Level 1.9 Armour
 + Level 1.7 Dodging


You had 3 spell levels left.
You didn't know any spells.
Your spell library was empty.

Dungeon Overview and Level Annotations

Branches:
Dungeon (2/15)

Altars:


Innate Abilities, Weirdness & Mutations

You are completely covered in rugged brown scales. (AC +3, +7% HP)
You have supernaturally acute eyesight. (SInv)
Armour fits poorly on your strangely shaped body.
You can roll at nearby foes to attack.
You have a long armoured tail.


Message History

You feel yourself speed up.
Key pressed, stopping explore.
You recover from your berserk rage.
Items here: )) ††.
Things that are here:
a +0 club; a goblin corpse Key pressed, stopping explore.
No target in view!
Found a dagger.
No target in view!
No target in view!
No target in view!
You see here a +0 dagger.
A ball python comes into view.
The ball python hisses angrily.
A ball python is nearby!
A ball python is nearby!
A ball python is nearby!
A ball python is nearby!
You barely miss the ball python.
The ball python bites you but does no damage.
You barely miss the ball python. The ball python barely misses you.
You barely miss the ball python. The ball python barely misses you.
A ball python is nearby!
You slash the ball python!
You kill the ball python!
Trog accepts your kill.
k - a wand of iceblast (5) No target in view!
An ogre comes into view. It is wielding a +0 giant club.
The ogre shouts!
An ogre is nearby!
The ogre hits you with a +0 giant club!!
Ouch! That really hurt!
An ogre is nearby!
You are too injured to fight recklessly!
A red film seems to cover your vision as you go berserk!
You feel yourself moving faster!
You feel mighty!
The ogre hits you with a +0 giant club!!
You die...

#####.####
#.##
#.......#
#.#
#.##.##.#
#.#
#.##.##.#
...
#.##..#.#
...
#.###.#.#
....
#.###.#.#
#.......#
#####@###
#O# #.#
#.# #..
###


You could see an ogre.

Vanquished Creatures
  Terence (D:2)
  Robin (D:2)
  An adder (D:2)
  3 bats (D:1)
  2 endoplasms (D:1)
  11 goblins
  11 hobgoblins
  2 quokkas
  2 ball pythons
  A frilled lizard (D:2)
  3 kobolds (D:1)
  3 rats
41 creatures vanquished.

Notes
Turn   | Place    | Note
-------+----------+-------------------------------------------
     0 | D:1      | lawman0 the Palentonga Berserker began the quest for the
                  | Orb.
     0 | D:1      | Reached XP level 1. HP: 19/19 MP: 1/1
   154 | D:1      | Reached XP level 2. HP: 25/25 MP: 2/2
   861 | D:2      | Reached XP level 3. HP: 29/31 MP: 3/3
  1053 | D:2      | Noticed Terence
  1060 | D:2      | Killed Terence
  1061 | D:2      | Reached skill level 4 in Axes
  1185 | D:2      | Reached ** piety under Trog
  1245 | D:2      | Noticed Robin
  1249 | D:2      | Reached XP level 4. HP: 33/37 MP: 4/4
  1259 | D:2      | Killed Robin
  1377 | D:2      | Noticed an ogre
  1381 | D:2      | Slain by an ogre

Illustrated notes

Levels and vault maps discovered:
D:1:      lightli_arrival_quake, layout_basic, minmay_bisected
D:2:      layout_loops_cross, hangedman_decor_lopped, uniq_terence, uniq_robin

Skill      XL: |  1  2  3 |
---------------+----------+-----
Axes           | 4 |  4.4
Fighting       | |  3.6
Armour         | |  1.9
Dodging        | |  1.7

Action                   |  1- 3 |  4- 6 || total
-------------------------+-------+-------++-------
Melee: Hand axe          |    67 |    13 ||    80
       Tailslap          |    11 |     2 ||    13
Invok: Berserk           |     3 |     2 ||     5
Armor: Animal skin       |     4 |       ||     4
       Chain mail        |    13 |       ||    13
       Plate armour      |    25 |     5 ||    30
Dodge: Dodged            |    18 |     5 ||    23

Table legend: (Time is in decaauts)
 A = Elapsed time spent in this place.
 B = Non-inter-level travel time spent in this place.
 C = Inter-level travel time spent in this place.
 D = Time resting spent in this place.
 E = Time spent auto-exploring this place.
 F = Levels seen in this place.
 G = Mean time per level.
                   A        B        C        D        E       F      G
               +--------+--------+--------+--------+--------+-----+--------+
         Total |   1418 |   1400 |     18 |     49 |   1084 |   2 |  709.0 |
       Dungeon |   1418 |   1400 |     18 |     49 |   1084 |   2 |  709.0 |
               +--------+--------+--------+--------+--------+-----+--------+

Top non-repeatable levels by time:
     D:1: 867 daAuts
     D:2: 551 daAuts
